Cogmind - Beta 14 @@@ ROGUE MODE // 2024.10.31 @ 20:14:59 Player: toydarian Result: Destroyed by Y-45 Defender with Beam Rifle Performance ------------- Evolutions (2) 1000 Regions Visited (5) 1000 Robots Destroyed (34) 170 Value Destroyed (981) 981 Prototype IDs (25) 500 Alien Tech Used (0) 0 Bonus (376) 376 TOTAL SCORE: 4027 Bonus ------- Follower Combat Kills 76 Aligned with FarCom 300 Cogmind --------- Core Integrity 0/550 Matter 262/300 Energy 89/100 System Corruption 0% Temperature Cool (9) Movement Walking (400) Ox4 Location -8/Materials Parts ------- > --- POWER (1) -------- (None) > --- PROPULSION (4) --- Aluminum Leg > --- UTILITY (4) ------ High-capacity Storage Unit > --- WEAPON (2) ------- Heavy Assault Rifle Grenade Launcher > --- INVENTORY (20) --- Aluminum Leg VTOL Module VTOL Module VTOL Module VTOL Module Large Matter Pod (150) Structural Scanner Trap Scanner Light Armor Plating Hacking Suite Particle Gun Light Assault Rifle Grenade Launcher Longsword +1 Peak State ------------ > --- POWER ------------ Improved Ion Engine > --- PROPULSION ------- Light Treads Light Treads Light Treads Armored Treads > --- UTILITY ---------- High-capacity Storage Unit Improved Weapon Shielding Light Armor Plating Medium Armor Plating > --- WEAPON ----------- Heavy Assault Rifle Heavy Assault Rifle > --- INVENTORY -------- Light Ion Engine Light Ion Engine Light Ion Engine Light Treads VTOL Module VTOL Module VTOL Module VTOL Module Large Matter Pod Utility Shielding Light Armor Plating Assault Rifle Light Assault Rifle Light Assault Rifle Light Assault Rifle High-powered Shotgun Gauss Rifle Grenade Launcher Grenade Launcher Longsword +1 [Rating: 22] Favorites ----------- Power Light Ion Engine Engine Light Ion Engine Propulsion Light Treads Treads Light Treads Leg Aluminum Leg Utility High-capacity Storage Unit Storage High-capacity Storage Unit Protection Light Armor Plating Weapon Light Assault Rifle Ballistic Gun Light Assault Rifle Launcher Grenade Launcher Build | -11 -10 -10 -10 -9 -8 ------- Run | Yrd Mat Min Exi Min Mat Slots Evolved 4 | . . . . . 4 Power . | . . . . . . Propulsion 2 | . . . . . 2 Utility 2 | . . . . . 2 Weapon . | . . . . . . Parts Attached 52 | 6 10 2 . . 34 Power 12 | 1 3 . . . 8 Engine 12 | 1 3 . . . 8 Core . | . . . . . . Reactor . | . . . . . . Propulsion 13 | 2 2 . . . 9 Treads 6 | . 2 . . . 4 Leg 7 | 2 . . . . 5 Wheel . | . . . . . . Hover . | . . . . . . Flight . | . . . . . . Utility 13 | 1 2 2 . . 8 Device . | . . . . . . Storage 2 | 1 1 . . . . Processor . | . . . . . . Hackware . | . . . . . . Protection 11 | . 1 2 . . 8 Artifact . | . . . . . . Weapon 14 | 2 3 . . . 9 Energy Gun . | . . . . . . Energy Cannon . | . . . . . . Ballistic Gun 12 | 2 2 . . . 8 Ballistic Cannon . | . . . . . . Launcher 2 | . 1 . . . 1 Special Weapon . | . . . . . . Impact Weapon . | . . . . . . Slashing Weapon . | . . . . . . Piercing Weapon . | . . . . . . Special Melee Weapon . | . . . . . . Unidentified Prototypes . | . . . . . . Parts Lost 33 | . 5 . . . 28 Power 8 | . 2 . . . 6 Propulsion 11 | . 2 . . . 9 Utility 8 | . 1 . . . 7 Weapon 6 | . . . . . 6 Highest Loss Streak 14 | . 4 . . . 14 To Critical Strikes 1 | . 1 . . . . Average Slot Usage (%) 91 | . 94 98 100 100 80 Engine 12 | . 13 14 14 14 8 Treads 18 | . 7 28 28 28 22 Leg 9 | . 20 . . . 2 Storage 12 | . 14 14 14 14 9 Protection 13 | . 9 12 14 14 19 Ballistic Gun 24 | . 27 28 28 28 17 Peak Build Rating 22 | 6 8 8 9 9 22 Average Rating 9 | 4 7 7 8 9 14 On Entrance 6 | . 6 7 8 9 9 Naked Turns . | . . . . . . Heaviest Build 66 | 10 51 49 49 49 66 Greatest Support 80 | 20 40 40 40 40 80 Greatest Overweight (x) 15 | 3 2 1 1 1 15 Average Overweight (x) 1 | . 1 1 1 1 . Largest Inventory Capacity 20 | 8 20 20 20 20 20 Average Capacity 19 | 7 18 20 20 20 20 Most Carried 20 | 4 14 13 14 13 20 Average Carried 12 | 2 9 13 13 13 15 Final Capacity 20 | 8 20 20 20 20 20 Final Carried 14 | 4 13 13 13 13 14 Class Distribution -------------------- 81% | Mutant 18% | Scavenger-Mutant Dominant Class ---------------- Mutant | -10/Materials Mutant | -10/Mines Mutant | -10/Exiles Mutant | -9/Mines Scavenger-Mutant | -8/Materials Resources | -11 -10 -10 -10 -9 -8 ----------- Run | Yrd Mat Min Exi Min Mat Matter Collected 1367 | 190 317 57 . 60 743 Remotely . | . . . . . . Salvage Created 1123 | . 361 . . . 762 Parts 76 | . 36 . . . 40 Haulers Intercepted . | . . . . . . Recyclers Shooed 1 | . 1 . . . . Parts Field Recycled . | . . . . . . Retrieved Matter . | . . . . . . Parts Self-Destructed . | . . . . . . Prevented . | . . . . . . Kills | -11 -10 -10 -10 -9 -8 ------- Run | Yrd Mat Min Exi Min Mat Combat Hostiles Destroyed 29 | . 15 . . . 14 Guns 26 | . 12 . . . 14 AOE 3 | . 3 . . . . Classes Destroyed 6 | . 4 . . . 2 Worker 2 | . 2 . . . . Builder 2 | . 1 . . . 1 Operator 1 | . . . . . 1 Swarmer 9 | . 9 . . . . Grunt 14 | . 6 . . . 8 Sentry 6 | . . . . . 6 Best Kill Streak 7 | . 7 . . . 2 Combat Bots Only 4 | . 4 . . . 2 Max Kills in Single Turn 4 | . 4 . . . 1 Gunslinging 1 | . 1 . . . . Exploded 2 | . 2 . . . . Melee . | . . . . . . Uniques/NPCs Destroyed . | . . . . . . Combat | -11 -10 -10 -10 -9 -8 -------- Run | Yrd Mat Min Exi Min Mat Hostile Shots Fired 382 | . 116 . . . 266 Missed 87 | . 35 . . . 52 Damage Taken 4119 | . 774 . . . 3345 Core 700 | . 141 . . . 559 Absorbed by Shields . | . . . . . . Redirected to Shielding 180 | . 51 . . . 129 Core Remaining (%) 71 | 100 . . . 43 . Volleys Fired 155 | . 46 1 . . 108 Largest 2 | . 2 2 . . 2 Hottest 53 | . 50 40 . . 53 Shots Fired 298 | . 92 2 . . 204 Gun 290 | . 85 2 . . 203 Cannon . | . . . . . . Launcher 8 | . 7 . . . 1 Special . | . . . . . . Kinetic 290 | . 85 2 . . 203 Thermal . | . . . . . . Explosive 8 | . 7 . . . 1 Electromagnetic . | . . . . . . Robot Hit Streak 23 | . 10 1 . . 23 Robot Miss Streak 4 | . 4 1 . . 4 Penetration Max 1 | . . . . . 1 Secondary Targets 5 | . 3 . . . 2 Max Gunslinging Chain 1 | . 1 . . . 1 Shots Hit Robots 205 | . 52 1 . . 152 Core Hits 72 | . 29 . . . 43 Critical Kills . | . . . . . . Critical Parts Destroyed 1 | . . . . . 1 Critical Strikes 1 | . . . . . 1 Destroy 1 | . . . . . 1 Melee Attacks . | . . . . . . Impact . | . . . . . . Slashing . | . . . . . . Piercing . | . . . . . . Sneak Attacks . | . . . . . . Combat Hostiles . | . . . . . . Follow-up Attacks . | . . . . . . Damage Inflicted 2829 | . 762 6 . . 2061 Guns 2523 | . 456 6 . . 2061 Cannons . | . . . . . . Explosions 306 | . 306 . . . . Melee . | . . . . . . Ramming . | . . . . . . Kinetic 2523 | . 456 6 . . 2061 Thermal . | . . . . . . Explosive 306 | . 306 . . . . Electromagnetic . | . . . . . . Impact . | . . . . . . Slashing . | . . . . . . Piercing . | . . . . . . Highest Corruption . | . . . . . . Average Corruption . | . . . . . . Corruption Purged . | . . . . . . Corruption Blocked . | . . . . . . Overload Shots . | . . . . . . Overflow Damage 6 | . 6 . . . . Projectiles . | . . . . . . Explosions 6 | . 6 . . . . Melee . | . . . . . . Knockbacks . | . . . . . . Impact . | . . . . . . Kinetic . | . . . . . . Secondary . | . . . . . . Self-Inflicted Damage 7 | . 7 . . . . Shots 1 | . 1 . . . . Rammed . | . . . . . . Targets Rammed . | . . . . . . Kicked . | . . . . . . Crushed . | . . . . . . Highest Temperature 63 | . 27 6 . . 63 Average Temperature 14 | . 9 4 . . 14 Received Heat Transfer 1995 | . 231 . . . 1764 Siege Activations . | . . . . . . Robots Corrupted . | . . . . . . Combat Hostiles . | . . . . . . Parts Fried . | . . . . . . Impact Corruptions . | . . . . . . Robots Melted . | . . . . . . Combat Hostiles . | . . . . . . Parts Melted . | . . . . . . Heat Transferred . | . . . . . . Parts Sabotaged . | . . . . . . Parts Stolen . | . . . . . . Parts Stripped . | . . . . . . Power Chain Reactions . | . . . . . . Alert | -11 -10 -10 -10 -9 -8 ------- Run | Yrd Mat Min Exi Min Mat Peak Influence 200 | . 170 25 . . 200 Initial 25 | . . 25 . . . Average 57 | . 70 18 . . 66 Maximum Alert Level 1 | . . . . . 1 Low Security (%) 99 | 100 100 100 . 100 98 Level 1 . | . . . . . 1 Level 2 . | . . . . . . Level 3 . | . . . . . . Level 4 . | . . . . . . Level 5 . | . . . . . . High Security . | . . . . . . Max Security . | . . . . . . Squads Dispatched 7 | . 1 . . . 6 Investigation 1 | . 1 . . . . Extermination . | . . . . . . Reinforcement 2 | . . . . . 2 Assault . | . . . . . . Garrison 4 | . . . . . 4 Intercept . | . . . . . . Searches Triggered . | . . . . . . Construction Impeded . | . . . . . . Haulers Reinforced . | . . . . . . Active Scanning Responses . | . . . . . . Cargo Convoy Interrupts . | . . . . . . Stealth | -11 -10 -10 -10 -9 -8 --------- Run | Yrd Mat Min Exi Min Mat Distress Signals 5 | . . . . . 5 Communications Jammed . | . . . . . . Distress Signals . | . . . . . . Times Spotted 53 | . 24 . . . 29 Peak Tracking Total 5 | . 5 . . . 5 Tactical Retreats 6 | . 1 . . . 5 Traps | -11 -10 -10 -10 -9 -8 ------- Run | Yrd Mat Min Exi Min Mat Traps Triggered 2 | . . . . . 2 Indirectly . | . . . . . . Trap Hack Attempts . | . . . . . . Triggered . | . . . . . . Disarmed . | . . . . . . Reprogrammed . | . . . . . . Reused . | . . . . . . Traps Extracted . | . . . . . . Installed . | . . . . . . Triggered . | . . . . . . Machines | -11 -10 -10 -10 -9 -8 ---------- Run | Yrd Mat Min Exi Min Mat Machines Disabled . | . . . . . . Max in Single Turn . | . . . . . . Machines Repaired . | . . . . . . Machines Dismantled . | . . . . . . Machines Sabotaged . | . . . . . . Overloaded Fab Kills . | . . . . . . Hacking | -11 -10 -10 -10 -9 -8 --------- Run | Yrd Mat Min Exi Min Mat Machines Accessed 4 | . 2 . 1 . 1 Terminals 2 | . 2 . . . . Fabricators . | . . . . . . Repair Stations . | . . . . . . Recycling Units . | . . . . . . Scanalyzers . | . . . . . . Garrison Access 1 | . . . . . 1 Total Hacks 8 | . 3 . 1 . 4 Successful 2 | . 1 . 1 . . Failed 6 | . 2 . . . 4 Catastrophic 1 | . . . . . 1 Database Lockouts . | . . . . . . Manual 1 | . . . 1 . . Terminals 3 | . 3 . . . . Fabricators . | . . . . . . Repair Stations . | . . . . . . Recycling Units . | . . . . . . Scanalyzers . | . . . . . . Garrison Access 4 | . . . . . 4 Terminal Hacks 2 | . 1 . 1 . . Prototype ID Bank 1 | . 1 . . . . Derelict Proto ID Bank 1 | . . . 1 . . Fabricator Hacks . | . . . . . . Repair Station Hacks . | . . . . . . Recycling Unit Hacks . | . . . . . . Scanalyzer . | . . . . . . Garrison Access Hacks . | . . . . . . Unauthorized Hacks . | . . . . . . Terminals . | . . . . . . Fabricators . | . . . . . . Repair Stations . | . . . . . . Recycling Units . | . . . . . . Scanalyzers . | . . . . . . Garrison Access . | . . . . . . Data Cores Recovered . | . . . . . . Used . | . . . . . . Hacking Detections 2 | . 1 . . . 1 Full Trace Events 1 | . . . . . 1 Feedback Events . | . . . . . . Feedback Blocked . | . . . . . . Robot Schematics Acquired . | . . . . . . Robots Built . | . . . . . . Authchips . | . . . . . . Time . | . . . . . . Total Robot Build Rating . | . . . . . . Part Schematics Acquired . | . . . . . . Parts Built . | . . . . . . Authchips . | . . . . . . Time . | . . . . . . Total Part Build Rating . | . . . . . . Parts Repaired . | . . . . . . Time . | . . . . . . Parts Recycled . | . . . . . . Recycled Matter . | . . . . . . Retrieved Matter . | . . . . . . Retrieved Components . | . . . . . . Parts Scanalyzed . | . . . . . . Part Schematics Acquired . | . . . . . . Parts Damaged . | . . . . . . Bothacking | -11 -10 -10 -10 -9 -8 ------------ Run | Yrd Mat Min Exi Min Mat Used RIF Installer . | . . . . . . Robots Hacked . | . . . . . . Non-combat . | . . . . . . Combat . | . . . . . . Robot Hacks Applied . | . . . . . . Relay Couplers Released . | . . . . . . Fabnet Peak Effective % . | . . . . . . Robots Rewired . | . . . . . . Allies Hacked . | . . . . . . Hacks Repelled . | . . . . . . Allies | -11 -10 -10 -10 -9 -8 -------- Run | Yrd Mat Min Exi Min Mat Total Allies 1 | . . . . 1 . Largest Group 1 | . . . . 1 1 Highest-Rated Group 31 | . . . . 31 31 Highest-Rated Ally 31 | . . . . 31 31 Total Orders . | . . . . . . Ally Attacks 14 | . . . . . 14 Total Damage 274 | . . . . . 274 Kills 2 | . . . . . 2 Allies Corrupted . | . . . . . . Allies Melted . | . . . . . . Intel | -11 -10 -10 -10 -9 -8 ------- Run | Yrd Mat Min Exi Min Mat Robot Analysis Total . | . . . . . . Derelict Logs Recovered 1 | . . 1 . . . Drone Launches . | . . . . . . Drone Recoveries . | . . . . . . Exploration | -11 -10 -10 -10 -9 -8 ------------- Run | Yrd Mat Min Exi Min Mat Turns Passed 4117 | 60 1671 551 501 125 1209 Spaces Moved 1590 | 39 662 228 209 53 399 Core 23 | 13 . . . . 10 Treads 1017 | . 169 228 209 53 358 Legs 550 | 26 493 . . . 31 Wheels . | . . . . . . Hover . | . . . . . . Flight . | . . . . . . Fastest Speed 50 | 50 120 240 240 240 160 Average Speed 221 | 123 226 240 240 240 198 Slowest Speed 800 | 200 260 240 240 240 800 Overloaded Moves . | . . . . . . Propulsion Burnouts . | . . . . . . Robots Hopped . | . . . . . . Cave-ins Triggered . | . . . . . . Exploration Rate (%) 42 | 4 98 39 60 21 33 Regions Visited 5 Branch Regions 3 Pre-discovered Areas 1 | . . 1 . . . Known Exits Taken . | . . . . . . Unknown Exits Taken 5 | 1 1 1 1 1 . Scrap Searched 2 | . . 1 . 1 . Spaces Dug . | . . . . . . Terrain Destroyed 49 | . 49 . . . . Melee . | . . . . . . Projectile . | . . . . . . AOE 49 | . 49 . . . . Terrain Rammed . | . . . . . . Walls Destroyed . | . . . . . . Machines Disabled . | . . . . . . Actions | -11 -10 -10 -10 -9 -8 --------- Run | Yrd Mat Min Exi Min Mat Total 1918 | 48 754 230 210 52 624 Wait 85 | . 22 . . . 63 Move 1585 | 38 661 227 208 52 399 Hop . | . . . . . . Pick Up 33 | 4 13 . 1 . 15 Fast Attach 16 | 6 1 1 . . 8 Attach 22 | . 4 . . . 18 Detach 1 | . . . . . 1 Swap 14 | . 5 1 . . 8 Drop 7 | . 2 . 1 . 4 Fire 155 | . 46 1 . . 108 Melee . | . . . . . . Ram . | . . . . . . Kick . | . . . . . . Crush . | . . . . . . Escape Stasis . | . . . . . . Rewire . | . . . . . . Trap . | . . . . . . Miscellaneous . | . . . . . . Route ------- -11/Scrapyard -10/Materials (discovered 4 exits: [*Mat x3] / [*Min]) -10/Mines -10/Exiles -9/Mines -8/Materials (discovered 1 exit: [*Fac]) History --------- Turn | Location | Event 22 | -11/Scrapyard | Discovered new exit (range 15) 61 | -11/Scrapyard | Entered Materials 335 | -10/Materials | Build established: Mutant 442 | -10/Materials | Discovered new exit (range 5) 894 | -10/Materials | Discovered new exit (range 10) 1061 | -10/Materials | Derelicts attacked the area 1131 | -10/Materials | Discovered new exit (range 11) 1218 | -10/Materials | Discovered new exit (range 9) 1317 | -10/Materials | Core integrity fell below 50% 1338 | -10/Materials | Lost 4 parts (1p2n1u) 1732 | -10/Materials | Entered Mines 1937 | -10/Mines | Learned location of Storage (-9) 2273 | -10/Mines | Deemed a non-threat by the Exiles lab entrance 2273 | -10/Mines | Discovered new exit (range 5) 2283 | -10/Mines | Entered Exiles 2341 | -10/Exiles | Met 8R-AWN 2384 | -10/Exiles | Met EX-HEX 2451 | -10/Exiles | Met EX-BIN 2480 | -10/Exiles | Aligned with FarCom system 2483 | -10/Exiles | Given EX-Vault access code 2540 | -10/Exiles | Opened EX-Vault 2552 | -10/Exiles | Found Longsword +1 2604 | -10/Exiles | Warned to stay clear of 0b10 Research branches 2674 | -10/Exiles | Met EX-DEC 2763 | -10/Exiles | Discovered new exit (range 10) 2784 | -10/Exiles | Left Exiles lab with Longsword +1 2784 | -10/Exiles | Entered Mines 2787 | -9/Mines | Received a Mining Laser from a helpful Derelict 2856 | -9/Mines | Discovered new exit (range 12) 2909 | -9/Mines | Entered Materials 2909 | -8/Materials | Accompanied by 1 ally 2909 | -8/Materials | Evolved 4 slots: Propulsion x2, Utility x2 3283 | -8/Materials | Discovered new exit (range 5) 3395 | -8/Materials | Build established: Scavenger-Mutant 3778 | -8/Materials | Garrison activated, responded to threat 3859 | -8/Materials | Lost 14 parts (3p4n4u3w) 3910 | -8/Materials | Core integrity fell below 50% 3962 | -8/Materials | Lost 3 parts (1p1n1w) 4015 | -8/Materials | Core integrity fell below 20% 4065 | -8/Materials | Lost 8 parts (2p3n1u2w) 4118 | -8/Materials | Destroyed by Y-45 Defender with Beam Rifle Last Messages --------------- 04003_ Lgt. Ion Engine destroyed. 04007_ Destroyed Particle Gun. 04008_ Hpw. Shotgun destroyed. 04010_ Y-45 Defender destroyed. 04012_ Slug penetrates G-47 Trooper. 04014_ Slug penetrates Garrison Access. 04018_ Slug penetrates G-47 Trooper. 04024_ Utility Shielding destroyed. 04030_ Slug penetrates G-47 Trooper. 04030_ Gauss Rifle destroyed. 04034_ Lgt. Ion Engine destroyed. 04040_ Acquired Hvy. Assault Rifle. 04045_ Destroyed Particle Gun. 04055_ Acquired Lgt. Armor Plating. 04056_ Acquired 47 matter. 04063_ Acquired 38 matter. 04078_ Acquired Aluminum Leg. 04088_ Connecting with Garrison Access... 04088_ Current location identified: Materials 04118_ Y-45 Defender emerges from the garrison. Map ----- +----------------------------------------------------+ | ??????????????#!*!######### #??????? | | ??????????????## ##???????# #??????? | | ???????????????#=#????????# #??????? | | ??????????????##/###??????#+######?? | | ??????????????# #??????# #?? | | ??????????????# #??????# #?? | | ??????????????# #??????# #?? | | ??????????????# #??????# #?? | | ??????????????# #??????# #?? | | ??????????????# #???#+## #?? | | ??????????????# #### ##+#####?? | | ??????????????+ / #?????? | | ????????????? # #### ## #?????? | | ????????????? ######??## #?# #?????? | | ???????????#+### ????## ###+####### | | ???????????? ???## ### T # | | ???????????? ??### ### # | | ?????????????? ?# # ### """ # | | ???????????????#w ?# # ###! """ # | | ????????????????# ####u[ #! """ # | | ????????????????# %!+ # | | ????????????????# =%#!* """ # | | ????????????????# # """ # | | ????????????????# # """ # | | ????????????????# % # # | | ????????????????# @ # # | | ????????????????# """ ######### | | ????????????????# """ #???????? | | ????????????????#t """ #???????? | | ????????????????# ! +???????? | | ????????????????# ! #???????? | | ????????????????# "Y" #???????? | | ????????????????# "G" #???????? | | ????????????????# " #???????? | | ????????????????# #???????? | | ????????????????# #???????? | | ????????????????+ ########???????? | | ????????????????# ???????????????? | | ????????????????# ???????????????? | | ????????????????# ????????????????? | | ???????????????? ????????????????? | | ??????????????? ??????????????????? | | ???????????????????????????????????? | | ???????????????????????????????????? | | ???????????????????????????????????? | | ???????????????????????????????????? | | ???????????????????????????????????? | | ???????????????????????????????????? | | ???????????????????????????????????? | | | +----------------------------------------------------+ Best States ------------- Heat Dissipation 31 Energy Generation 12 Energy Capacity 265 Matter Stores 300 Matter Capacity 300 Sight Range 16 Terrain Scan Density 10 Armor Coverage 525 Utility Shielding 33 Weapon Shielding 66 Evasion (%) 55 Recoil Reduction 4 Item Schematics ----------------- None Robot Schematics ------------------ None Fabricated ------------ Nothing Alien Tech Used ----------------- None Achievements -------------- None Challenges ------------ None Game ------ Seed EfficiencyLaserAutohacker Manual? 0 Play Time 00:21:06 Cumulative 36.5 hours Start 2024.10.31 @ 19:55:33 End 2024.10.31 @ 20:14:59 Sessions 1 Manual Loads 0 Difficulty Rogue Special Mode None Game No. 51 Rogue 44 Adventurer 0 Explorer 7 Win Type - Total 1 Types 1/0/0/0/0/0/0/0/0 Lore% 12 Gallery% 23 Achievement% 27 Wizard Run 0 Options --------- Layout 0 ASCII 0 Keyboard 0 Movement Mouse Keybinds 0 Fullscreen 1 Font 24/Terminus Map View 76x50 Zoom Use 0% Tactical HUD 1 Map Filters NONE Filters NONE Steam 1 RUN: b52fcc98-cef3-40b3-9086-a69b9ee6dc89